 Dungeon Sprint DCSS version 0.17-a0-1636-g3119f2b (webtiles) character file.

4025 Kidiri the Blocker (level 10, -23/60 HPs)
             Began as a Gargoyle Fighter on Aug 5, 2015.
             Was an Elder of Okawaru.
             Killed from afar by an ice dragon (59 damage)
             ... with a blast of cold
             ... in the Dungeon (Sprint VII: "The Pits").
             The game lasted 00:08:19 (1682 turns).

Kidiri the Blocker (Gargoyle Fighter)               Turns: 1682, Time: 00:08:19

Health: -23/60     AC: 30    Str: 26    XL:     10   Next: 24%
Magic:  16/16      EV: 14    Int:  8    God:    Okawaru [****..]
Gold:   0          SH: 16    Dex: 13    Spells: 0 memorised, 9 levels left

rFire  . . .     SeeInvis .     w - +2 morningstar (freeze)
rCold  . . .     Clarity  .     s - +3 plate armour
rNeg   + . .     SustAt   .     c - +0 shield
rPois  ∞         Gourm    .     (no helmet)
rElec  +         Spirit   .     (no cloak)
rCorr  .         Warding  .     m - +0 pair of gloves
rMut   .         NoTele   +     (no boots)
MR     .....                    (no amulet)
Stlth  ..........               u - +3 ring of strength
                                b - +3 ring of dexterity

@: heroism, not resistant to hostile enchantments, extremely unstealthy
A: negative energy resistance 1, electricity resistance, unbreathing,
petrification resistance, rot immunity, AC +7
a: Heroism, Renounce Religion


You were in the Dungeon.
You worshipped Okawaru.
Okawaru was greatly pleased with you.
You were not hungry.

You visited 1 branch

Inventory:

Hand weapons
 w - a +2 morningstar of freezing (weapon)
Armour
 c - a +0 shield (worn)
 m - a +0 pair of gloves (worn)
 s - a +3 plate armour (worn)
Jewellery
 b - a +3 ring of dexterity (left hand)
 u - a +3 ring of strength (right hand)
Scrolls
 k - a scroll of blinking
 p - 3 scrolls of remove curse
 q - 5 scrolls of amnesia
 r - a scroll of summoning
Potions
 d - 2 potions of might
 f - 9 potions of curing
 g - 5 potions of heal wounds
 h - 2 potions of haste
 i - 4 potions of magic
 j - 4 potions of berserk rage
 o - 2 potions of invisibility
 t - a potion of degeneration {unknown}
 v - a potion of brilliance
Comestibles
 a - 40 fruits
 e - 8 bread rations
 n - 6 meat rations


   Skills:
 + Level 6.1(11.1) Fighting
 + Level 9.2(14.2) Maces & Flails
 * Level 13.5(18.5) Armour
 + Level 7.5(12.5) Dodging
 * Level 13.6(18.6) Shields
 + Level 9.0 Invocations


You had 9 spell levels left.
You didn't know any spells.

Dungeon Overview and Level Annotations

Branches:
Dungeon (1/1)

Altars:
Ashenzari
Cheibriados
Dithmenos
Elyvilon
Fedhas
Gozag
Kikubaaqudgha
Makhleb
Nemelex Xobeh
Okawaru
Qazlal
Ru
Sif Muna
Trog
Vehumet
Xom
Yredelemnul
Zin
The Shining One
Beogh
Jiyva
Lugonu


Innate Abilities, Weirdness & Mutations

You are resistant to torment.
Your stone body is resilient (AC +7).
You are immune to poison.
You resist negative energy.
You are resistant to electric shocks.
You can survive without breathing.
You are immune to petrification.
You are immune to rotting.


Message History

You hit the ice dragon.
The ice dragon is lightly wounded.
The vampire casts a spell.
The vampire flickers and vanishes!
Deactivating autopickup; reactivate with Ctrl-A.
The ice dragon breathes frost at you. The blast of cold hits you!
You hear a shout!
You hear an angry hiss.
You hear a shout!
Drink which item? (? for menu, Esc to quit)
You feel much better.
The ice dragon bites you but does no damage.
You block the ice dragon's attack.
The ice dragon tramples you but does no damage.
Wield which item (- for none, * to show all)? (? for menu, Esc to quit)
Okay, then.
Unknown command.
The ice dragon breathes frost at you. The blast of cold hits you!
Ouch! That really hurt!
You die...

..#......# .........+
.........+ ..#......#
.........# ##''######
##''################
##..........#......#
##..........'...@..#
##.)#####...#####D##
##..(...#.......CY5.
##..#)..#........##'#
##))#...#.#####..#
..# ##..#####.+ #..#
.# ##........# '..#
## ##........# .#..
###'###...#


You could see an ice dragon, an elephant and a crimson imp.

Vanquished Creatures
  A hydra (D)
  A death yak (D)
  A giant leech (D)
  2 boulder beetles (D)
  A shadow (D)
  A deep elf fighter (D)
  Grum (D)
  A basilisk (D)
  A steam dragon (D)
  7 wolves (D)
  A hungry ghost (D)
  A hippogriff (D)
  An ice beast (D)
  A centaur (D)
  2 brain worms (D)
  3 hounds (D)
  2 gnoll shamans (D)
  A worker ant (D)
  An adder (D)
  10 gnolls (D)
  An ufetubus (D)
  An adder skeleton (D)
  A giant gecko (D)
  A giant cockroach (D)
  2 hobgoblins (D)
  3 jackals (D)
  2 kobolds (D)
  A ball python (D)
  A giant gecko zombie (D)
  2 giant newts (D)
  2 rats (D)
57 creatures vanquished.

Notes
Turn   | Place    | Note
--------------------------------------------------------------
     0 | D        | Kidiri the Gargoyle Fighter began the quest for the Orb.
     0 | D        | Reached XP level 1. HP: 14/14 MP: 1/1
    21 | D        | Reached skill level 4 in Armour
    21 | D        | Reached skill level 1 in Dodging
    21 | D        | Reached XP level 2. HP: 19/19 MP: 2/2
    33 | D        | Found a sacrificial altar of Ru.
    33 | D        | Found a basalt altar of Yredelemnul.
    33 | D        | Found a shadowy altar of Dithmenos.
    33 | D        | Found a deep blue altar of Sif Muna.
    33 | D        | Found a burning altar of Makhleb.
    33 | D        | Found a shimmering altar of Xom.
    33 | D        | Found an ancient bone altar of Kikubaaqudgha.
    33 | D        | Found a sparkling altar of Nemelex Xobeh.
    34 | D        | Found a glowing golden altar of the Shining One.
    34 | D        | Found a bloodstained altar of Trog.
    34 | D        | Found a shattered altar of Ashenzari.
    34 | D        | Found a white marble altar of Elyvilon.
    34 | D        | Found a snail-covered altar of Cheibriados.
    34 | D        | Found a blossoming altar of Fedhas.
    34 | D        | Found a radiant altar of Vehumet.
    34 | D        | Found a glowing silver altar of Zin.
    34 | D        | Found a corrupted altar of Lugonu.
    34 | D        | Found a viscous altar of Jiyva.
    34 | D        | Found a roughly hewn altar of Beogh.
    34 | D        | Found an iron altar of Okawaru.
    40 | D        | Found a stormy altar of Qazlal.
    40 | D        | Found an opulent altar of Gozag.
    43 | D        | Became a worshipper of Warmaster Okawaru
    86 | D        | Noticed a brain worm
    94 | D        | Killed a brain worm
    94 | D        | Reached skill level 6 in Armour
    94 | D        | Reached XP level 3. HP: 23/23 MP: 3/3
    94 | D        | Reached XP level 4. HP: 28/28 MP: 4/4
   225 | D        | Noticed a gnoll shaman
   227 | D        | Noticed a hound
   238 | D        | Killed a gnoll shaman
   238 | D        | Reached skill level 1 in Invocations
   238 | D        | Reached XP level 5. HP: 32/32 MP: 4/6
   248 | D        | Reached skill level 7 in Shields
   253 | D        | Killed a hound
   253 | D        | Acquired Okawaru's first power
   347 | D        | Noticed a hound
   350 | D        | Killed a hound
   350 | D        | Reached skill level 5 in Maces & Flails
   350 | D        | Reached skill level 8 in Shields
   350 | D        | Reached XP level 6. HP: 37/37 MP: 8/8
   355 | D        | Noticed a basilisk
   365 | D        | Killed a basilisk
   365 | D        | Reached skill level 9 in Shields
   507 | D        | Noticed a brain worm
   507 | D        | Noticed an ice beast
   512 | D        | Killed an ice beast
   512 | D        | Reached XP level 7. HP: 41/41 MP: 7/10
   517 | D        | Killed a brain worm
   536 | D        | Noticed a wolf
   536 | D        | Noticed a wolf
   536 | D        | Noticed a wolf
   536 | D        | Noticed a wolf
   536 | D        | Noticed a wolf
   536 | D        | Noticed a deep elf fighter
   565 | D        | Killed a wolf
   565 | D        | Reached skill level 10 in Shields
   565 | D        | Reached skill level 5 in Invocations
   568 | D        | Killed a wolf
   568 | D        | Reached skill level 10 in Armour
   568 | D        | Reached skill level 5 in Dodging
   581 | D        | Killed a wolf
   581 | D        | Reached XP level 8. HP: 41/46 MP: 9/12
   600 | D        | Killed a wolf
   618 | D        | Killed a wolf
   618 | D        | Reached skill level 11 in Shields
   634 | D        | Killed a deep elf fighter
   770 | D        | Noticed a boulder beetle
   770 | D        | Noticed Grum
   771 | D        | Noticed a wolf
   771 | D        | Noticed a wolf
   797 | D        | Killed a wolf
   799 | D        | Killed a wolf
   812 | D        | Killed a boulder beetle
   812 | D        | Reached XP level 9. HP: 34/51 MP: 14/14
   818 | D        | Killed Grum
   818 | D        | Reached skill level 12 in Shields
   932 | D        | Noticed a giant leech
   933 | D        | Noticed a five-headed hydra
   936 | D        | Noticed a gnoll shaman
   966 | D        | Killed a five-headed hydra
   984 | D        | Killed a giant leech
  1191 | D        | Killed a gnoll shaman
  1192 | D        | Noticed a steam dragon
  1192 | D        | Noticed a shadow
  1193 | D        | Noticed a boulder beetle
  1199 | D        | Killed a shadow
  1199 | D        | Reached skill level 5 in Fighting
  1205 | D        | Killed a steam dragon
  1205 | D        | Reached skill level 13 in Shields
  1373 | D        | Killed a boulder beetle
  1631 | D        | Noticed a worker ant
  1631 | D        | Noticed a centaur
  1632 | D        | Noticed a hungry ghost
  1643 | D        | Killed a hungry ghost
  1647 | D        | Killed a centaur
  1647 | D        | Reached XP level 10. HP: 59/59 MP: 16/16
  1648 | D        | Killed a worker ant
  1660 | D        | Noticed a death yak
  1661 | D        | Noticed a hippogriff
  1667 | D        | Killed a death yak
  1670 | D        | Killed a hippogriff
  1674 | D        | Noticed an ice dragon
  1675 | D        | Noticed a hound
  1676 | D        | Noticed a hill giant
  1677 | D        | Noticed a vampire
  1677 | D        | Noticed an elephant
  1678 | D        | Killed a hound
  1680 | D        | Noticed a crimson imp
  1682 | D        | Killed from afar by an ice dragon

Vault maps used:
D:        pitsprint

Action                   |  1- 3 |  4- 6 |  7- 9 | 10-12 || total
-------------------------+-------+-------+-------+-------++-------
Melee: Flail             |     8 |    76 |    60 |       ||   144
       Mace              |    11 |    19 |       |       ||    30
       Morningstar       |       |       |    99 |    12 ||   111
Invok: Heroism           |       |     2 |     7 |       ||     9
  Use: Potion            |       |       |     2 |     1 ||     3
  Eat: Chunk             |       |       |     2 |       ||     2
       Meat ration       |       |       |     1 |       ||     1
